 Dungeon Crawl Stone Soup version 0.30.1-3-gfc49f6343a (webtiles) character file.

Game seed: 3412211742125603856

1139 Anriel the Ducker (level 8, -4/41 HPs)
             Began as a Deep Elf Conjurer on Aug 9, 2023.
             Was a Believer of Sif Muna.
             Killed from afar by Blork the orc (7 damage)
             ... with a puff of flame
             ... on level 6 of the Dungeon.
             The game lasted 00:30:57 (5407 turns).

Anriel the Ducker (Deep Elf Conjurer)               Turns: 5407, Time: 00:31:08

Health: -4/41      AC:  3    Str:  6    XL:     8   Next: 14%
Magic:  1/17       EV: 14    Int: 24    God:    Sif Muna [**....]
Gold:   3          SH:  0    Dex: 13    Spells: 2/17 levels left

rFire   . . .        k - +1 dagger
rCold   . . .        (no shield)
rNeg    . . .        p - +0 robe
rPois   .            (no helmet)
rElec   .            i - +0 cloak
rCorr   +            (no gloves)
SInv    .            (no boots)
Will    .....        (no amulet)
Stlth   ++           q - ring of wizardry
HPRegen 0.26/turn    m - ring "Hoziva Poiqi" {Wiz rCorr}
MPRegen 0.15/turn

%: wizardry (x2)
@: no status effects
A: no striking features
a: Renounce Religion, Channel Magic


You were on level 6 of the Dungeon.
You worshipped Sif Muna.
Sif Muna was pleased with you.
You visited 1 branch of the dungeon, and saw 6 of its levels.

You collected 317 gold pieces.
You spent 314 gold pieces at shops.

Inventory:

Hand Weapons
 k - a +1 dagger (weapon)
Missiles
 a - a throwing net
Armour
 i - a +0 cloak (worn)
 p - a +0 robe (worn)
Jewellery
 f - a ring of flight
 m - the ring "Hoziva Poiqi" (right hand) {Wiz rCorr}
   (You bought it in a shop on level 3 of the Dungeon)

   [ring of wizardry]

   It improves your spell success rate.
   rCorr:     It protects you from acid and corrosion.
 q - a ring of wizardry (left hand)
 r - a ring of wizardry
Wands
 j - a wand of flame (40)
Scrolls
 c - a scroll of fear
 d - 2 scrolls of magic mapping
 o - 2 scrolls of teleportation
 x - a scroll of enchant weapon
Potions
 b - 3 potions of magic
 e - 2 potions of ambrosia
 h - 5 potions of curing
 l - 2 potions of might
 w - 2 potions of haste


   Skills:
 + Level 5.7 Dodging
 - Level 3.3 Stealth
 - Level 5.0 Spellcasting
 - Level 5.0 Conjurations
 + Level 3.8 Hexes
 * Level 3.2 Necromancy
 - Level 5.0 Ice Magic
 + Level 3.8 Invocations


You had 2 spell levels left.
You knew the following spells:

 Your Spells              Type           Power      Damage    Failure   Level
a - Magic Dart            Conj           100%       1d8       1%          1
b - Searing Ray           Conj           60%        2d6       1%          2
c - Hailstorm             Conj/Ice       30%        3d8       1%          3
d - Fulminant Prism       Conj/Hex       13%        3d8       4%          4
e - Vampiric Draining     Necr           21%        2d7       1%          3
f - Ensorcelled Hibernat  Hex/Ice        54%        N/A       1%          2

Your spell library contained the following spells:

 Spells                   Type           Power      Damage    Failure   Level
 Necrotise                Necr           84%        1d8       1%          1
 Call Imp                 Summ           12%        N/A       3%          2
 Dazzling Flash           Conj/Hex       54%        N/A       1%          3
 Mephitic Cloud           Conj/Pois/Air  14%        N/A       3%          3
 Anguish                  Hex/Necr       11%        N/A       5%          4
 Gell's Gravitas          Tloc           6%         N/A       7%          3
 Spider Form              Tmut/Pois      6%         N/A       7%          3
 Teleport Other           Tloc           6%         N/A       7%          3
 Ice Form                 Ice/Tmut       18%        N/A       9%          4
 Iskenderun's Mystic Bla  Conj/Tloc      18%        2d6       9%          4
 Agony                    Necr           21%        N/A       17%         5
 Simulacrum               Ice/Necr       12%        N/A       50%         6
 Dispersal                Tloc           3%         N/A       95%         6


Dungeon Overview and Level Annotations

Branches:
Dungeon (6/15)
 Temple: D:4-7

Altars:
Ashenzari
Dithmenos
Makhleb
Qazlal
Ru
Sif Muna
Trog
The Shining One

Shops:
D:3 *   D:4 ?

Annotations:
D:6 Blork the orc


Message History

Confirm with . or Enter, or press ? or * to list all spells.
Casting: Hailstorm (safe; 1% risk of failure)
Press: ? - help, Dir - look around, f - activate A cannonade of hail descends around you!
The hail pelts Blork the orc!
Blork the orc is heavily wounded.
The bullfrog barely misses you. The bullfrog hits you!
Blork the orc hits you from afar with a +0 halberd.
Casting: Hailstorm (safe; 1% risk of failure)
Confirm with . or Enter, or press ? or * to list all spells.
Aiming: Searing Ray (safe; 1% risk of failure)
Press: ? - help, Shift-Dir - straight line, f - Blork the orc
Aim: Blork the orc, wielding a +0 halberd and wearing a +0 robe (heavily wounded, 82% to hit)
The searing ray hits the bullfrog!
You kill the bullfrog!
Sif Muna accepts your kill.
The searing ray hits Blork the orc.
Blork the orc is heavily wounded. (Press . to maintain the ray.) Blork the orc casts a spell at you.
The puff of flame hits you!
Your Necromancy skill increases to level 3!
The searing ray hits Blork the orc!
Blork the orc is almost dead.
Blork the orc drinks a potion.
Blork the orc seems to grow stronger.
The searing ray hits Blork the orc.
Blork the orc is almost dead.
Blork the orc hits you from afar with a +0 halberd!
* * * LOW HITPOINT WARNING * * *
Unknown command.
Okay, then.
Casting: Searing Ray (safe; 1% risk of failure)
Confirm with . or Enter, or press ? or * to list all spells.
Casting: Hailstorm (safe; 1% risk of failure)
Press: ? - help, Dir - look around, f - activate A cannonade of hail descends around you!
The hail misses Blork the orc.
Blork the orc casts a spell at you. The puff of flame hits you!
You die...

#... #..# ..# ... #
#...# #..###.####.##.#
..... #....<........
#...###.###..###.#####
#...................
##....###..####^####
##........# ..... #
#....#..)#.....e.#
##@...##..#.......#
#.....###)#..._....
#..o.....# #.#.......#
#..######.###.#.......#
.... #..#..# ..... #
..# ##....######### $
##............
#...#####.e##
###>.....e...


You could see Blork the orc (strong).

Vanquished Creatures
  A water moccasin (D:5)
  Duvessa (D:6)
  An ice beast (D:4)
  A black bear (D:4)
  A phantom (D:5)
  A bullfrog (D:6)
  A scorpion (D:5)
  Dowan (D:6)
  2 jellies
  5 orc priests
  Crazy Yiuf (D:5)
  2 iguanas
  4 gnolls (D:5)
  8 adders
  2 ufetubi (D:5)
  2 worms (D:3)
  A dart slug (D:2)
  14 orcs
  9 endoplasms
  3 giant cockroaches
  10 goblins
  6 hobgoblins
  3 jackals (D:2)
  2 kobolds (D:3)
  3 quokkas
  7 ball pythons
  10 bats
  3 frilled lizards
  6 rats
111 creatures vanquished.

Vanquished Creatures (others)
  An orc (D:4)
1 creature vanquished.

Grand Total: 112 creatures vanquished

Notes
Turn   | Place    | Note
-------+----------+-------------------------------------------
     0 | D:1      | Anriel the Deep Elf Conjurer began the quest for the Orb.
     0 | D:1      | Reached XP level 1. HP: 10/10 MP: 6/6
   157 | D:1      | Reached XP level 2. HP: 15/15 MP: 5/8
   232 | D:1      | Learned a level 2 spell: Searing Ray
   409 | D:1      | Found a faded altar of an unknown god.
   874 | D:2      | Reached XP level 3. HP: 19/19 MP: 8/10
  1141 | D:2      | Learned a level 3 spell: Hailstorm
  1740 | D:3      | Reached skill level 1 in Ice Magic
  1740 | D:3      | Reached XP level 4. HP: 14/24 MP: 6/12
  1818 | D:3      | Found a shimmering blue altar of Sif Muna.
  1823 | D:3      | Became a worshipper of Sif Muna the Loreminder
  1937 | D:3      | Found Biogaih's Assorted Antiques.
  2084 | D:3      | Reached skill level 5 in Conjurations
  2084 | D:3      | Reached skill level 1 in Invocations
  2084 | D:3      | Reached XP level 5. HP: 23/28 MP: 3/13
  2183 | D:3      | Learned a level 4 spell: Fulminant Prism
  2196 | D:3      | Found a broken altar of Ashenzari.
  2624 | D:3      | Reached * piety under Sif Muna
  3156 | D:4      | Found Want's Magic Scroll Emporium.
  3189 | D:3      | Bought a crude lead ring for 130 gold pieces
  3189 | D:3      | Identified the ring "Hoziva Poiqi" {Wiz rCorr} (You bought
                  | it in a shop on level 3 of the Dungeon)
  3189 | D:3      | Bought a scroll of identify for 52 gold pieces
  3202 | D:4      | Noticed a black bear
  3209 | D:4      | Killed a black bear
  3210 | D:4      | Reached XP level 6. HP: 32/32 MP: 8/14
  3497 | D:4      | Found a burning altar of Makhleb.
  3515 | D:4      | Found a glowing golden altar of the Shining One.
  3644 | D:4      | Noticed an ice beast
  3718 | D:4      | Killed an ice beast
  3719 | D:4      | Reached skill level 5 in Spellcasting
  3809 | D:4      | Learned a level 3 spell: Vampiric Draining
  4086 | D:4      | Bought a scroll of identify for 28 gold pieces
  4105 | D:5      | Entered Level 5 of the Dungeon
  4141 | D:5      | Reached XP level 7. HP: 36/36 MP: 11/16
  4168 | D:5      | Learned a level 2 spell: Ensorcelled Hibernation
  4230 | D:5      | Reached skill level 1 in Hexes
  4425 | D:5      | Reached skill level 5 in Dodging
  4449 | D:5      | Found a shadowy altar of Dithmenos.
  4646 | D:5      | Found a bloodstained altar of Trog.
  4703 | D:5      | Reached ** piety under Sif Muna
  4704 | D:5      | Reached skill level 5 in Ice Magic
  4731 | D:5      | Found a sacrificial altar of Ru.
  4805 | D:5      | Reached skill level 1 in Necromancy
  4875 | D:5      | Found a runed translucent door.
  4876 | D:5      | Noticed Crazy Yiuf
  4884 | D:5      | Killed Crazy Yiuf
  5200 | D:3      | Bought a scroll of identify for 52 gold pieces
  5200 | D:3      | Bought a scroll of identify for 52 gold pieces
  5238 | D:6      | Noticed Duvessa
  5240 | D:6      | Noticed Dowan
  5252 | D:6      | Found a stormy altar of Qazlal.
  5262 | D:6      | Noticed a steam dragon
  5275 | D:6      | Killed Duvessa
  5276 | D:6      | Reached XP level 8. HP: 27/41 MP: 5/17
  5280 | D:6      | Killed Dowan
  5400 | D:6      | Noticed Blork the orc
  5405 | D:6      | HP: 2/41 [Blork the orc/+0 halberd (14)]
  5407 | D:6      | Killed from afar by Blork the orc

Illustrated notes

Levels and vault maps discovered:
D:1:      dpeg_arrival_shelter, layout_loops_ring, basic_ecumenical_altar
D:2:      layout_basic
D:3:      minmay_chambers_of_twos, layout_loops_ring,
          mainiacjoe_overflow_brackets, mainiacjoe_overflow_alcove_4,
          serial_shops, shop, serial_bayou, serial_bayou_lagoon_a,
          serial_bayou_shore_a, serial_bayou_crossing, serial_bayou_lagoon_b,
          st_stairs_12
D:4:      cheibrodos_pilgrimage, layout_cave_pods,
          mainiacjoe_overflow_large_starburst, serial_shops,
          nicolae_shop_rolled_up
D:5:      layout_basic, nicolae_ru_awakened_eye, grunt_dithmenos_smoke,
          trog_hazing_becter, uniq_crazy_yiuf_cottage
D:6:      layout_basic, elyvilon_altar_5, lemuel_tele_altar,
          kennysheep_vampire_church, general_overflow_altar,
          mainiacjoe_overflow_24_doors, minmay_temple_entry_wispy,
          hangedman_decor_opposing, uniq_duvessa, uniq_blork_the_orc

Skill      XL: |  1  2  3  4  5  6  7  8 |
---------------+-------------------------+-----
Stealth        | 3 |  3.3
Dodging        | 3 4 5 |  5.7
Spellcasting   | 4 5 |  5.0
Ice Magic      | 1 2 3 4 5 |  5.0
Conjurations   | 5 |  5.0
Invocations    | 1 2 3 |  3.8
Hexes          | 3 |  3.8
Necromancy     | 2 3 |  3.2

Action                     |  1- 3 |  4- 6 |  7- 9 || total
---------------------------+-------+-------+-------++-------
  Melee: Short sword       |     7 |       |       ||     7
         Dagger            |     5 |    31 |     2 ||    38
   Cast: Magic Dart        |    56 |    60 |    45 ||   161
         Searing Ray       |     1 |    14 |    14 ||    29
         Hailstorm         |       |     2 |     6 ||     8
         Vampiric Draining |       |       |     1 ||     1
    Use: Scroll            |     7 |     8 |     6 ||    21
         Potion            |       |     3 |     1 ||     4
   Stab: Sleeping          |     3 |     1 |       ||     4
 Armour: Robe              |     5 |    14 |     2 ||    21
  Dodge: Dodged            |     4 |    34 |    19 ||    57
